 Dungeon Crawl Stone Soup version 0.32-a0-791-gfc315c9ecd (webtiles) character file.

Game seed: 2545400285699009824

28207 Ruich the Toxicologist (level 12, -15/96 HPs)
             Began as a Demigod Alchemist on Mar 20, 2024.
             Engulfed by a cloud of freezing vapour (31 damage)
             ... in an ice cave.
             The game lasted 00:59:19 (19705 turns).

Ruich the Toxicologist (Demigod Alchemist)         Turns: 19705, Time: 00:59:19

Health: -15/96     AC: 10    Str:  9    XL:     12   Next: 74%
Magic:  6/29       EV: 33    Int: 33    God:
Gold:   741        SH:  6    Dex: 20    Spells: 6/29 levels left

rFire   . . .        E - +6 trident (drain)
rCold   . . .        n - +0 buckler
rNeg    . . .        a - +0 acid dragon scales
rPois   .            r - +1 helmet
rElec   .            h - +1 cloak
rCorr   +            (no gloves)
SInv    .            (no boots)
Will    +....        k - amulet of the acrobat
Stlth   +++          i - +5 ring of evasion
HPRegen 0.36/turn    s - +6 ring of dexterity
MPRegen 0.21/turn

%: acrobat
@: acrobatic
A: high MP 1, forlorn, divine attributes
a: no special abilities


You were in an ice cave.
You visited 2 branches of the dungeon, and saw 14 of its levels.
You also visited: Sewer and Ice Cave.

You collected 741 gold pieces.


Innate Abilities, Weirdness & Mutations

You have an increased reservoir of magic. (+10% MP)
You shall have no god before yourself.
Your divine heritage dramatically boosts your attributes as you level up.


   Skills:
 + Level 6.1 Fighting
 + Level 6.4 Dodging
 - Level 5.0 Stealth
 - Level 5.0 Shields
 + Level 9.0 Spellcasting
 + Level 5.1 Conjurations
 - Level 5.0 Fire Magic
 * Level 5.2 Ice Magic
 + Level 4.4 Air Magic
 - Level 11.0 Alchemy


You had 6 spell levels left.
You knew the following spells:

 Your Spells              Type           Power      Damage    Failure   Level
f - Freezing Cloud        Conj/Ice/Air   23%        6-21      28%         5
i - Ignite Poison         Fire/Alch      61%        N/A       2%          4
m - Mephitic Cloud        Conj/Alch/Air  57%        N/A       1%          3
o - Olgreb's Toxic Radia  Alch           73%        N/A       1%          4
v - Mercury Vapours       Alch/Air       100%       N/A       1%          2
y - Sticky Flame          Fire/Alch      61%        2d10      2%          4
z - Sting                 Conj/Alch      100%       1d9       1%          1

Your spell library contained the following spells:

 Spells                   Type           Power      Damage    Failure   Level
 Cigotuvi's Dreadful Rot  Necr/Alch/Air  98%        N/A       1%          2
 Hailstorm                Conj/Ice       49%        3d10      2%          3
 Apportation              Tloc           28%        N/A       8%          1
 Necrotise                Necr           56%        1d6       8%          1
 Sandblast                Erth           28%        2d8       8%          1
 Slow                     Hex            56%        N/A       8%          1
 Summon Small Mammal      Summ           56%        N/A       8%          1
 Summon Ice Beast         Ice/Summ       32%        N/A       8%          3
 Stone Arrow              Conj/Erth      62%        3d10      9%          3
 Confusing Touch          Hex            14%        N/A       22%         3
 Vampiric Draining        Necr           14%        2d7       22%         3
 Brom's Barrelling Bould  Conj/Erth      31%        2d5       26%         4
 Sculpt Simulacrum        Ice/Alch       31%        N/A       38%         6
 Permafrost Eruption      Ice/Erth       16%        2x4d6     99%         6

Inventory:

Hand Weapons
 E - a +6 trident of draining (weapon)
Missiles
 e - 39 poisoned darts
 m - 3 curare-tipped darts {=f}
 J - 3 throwing nets {=f}
Armour
 a - +0 acid dragon scales (worn)
 h - a +1 cloak (worn)
 n - a +0 buckler (worn)
 r - a +1 helmet (worn)
 L - a +1 robe of positive energy
Jewellery
 i - a +5 ring of evasion (left hand)
 k - an amulet of the acrobat (around neck)
 s - a +6 ring of dexterity (right hand)
 P - an amulet of reflection
Wands
 t - a wand of charming (15)
 x - a wand of mindburst (4)
 z - a wand of roots (19)
 I - a wand of quicksilver (13)
 O - a wand of digging (3)
Scrolls
 q - a scroll of identify {@r1}
 u - 2 scrolls of immolation
 v - 3 scrolls of noise
 A - a scroll of fog
 C - a scroll of fear
 D - 2 scrolls of teleportation {@r2}
 G - 3 scrolls of summoning
 H - a scroll of torment
 M - a scroll of poison
 N - 2 scrolls of revelation
Potions
 b - a potion of magic
 c - 2 potions of resistance
 f - 2 potions of mutation
 g - 3 potions of might
 j - a potion of enlightenment
 o - a potion of haste {@q3}
 w - 10 potions of curing {@q1}
 B - a potion of attraction
 K - a potion of brilliance
 Q - a potion of ambrosia

Dungeon Overview and Level Annotations

Branches:
Dungeon (10/15) Zot: 26364  Temple (0/1) D:6            Lair (4/5) D:8 Zot: 20394
 Shoals (0/4) Lair:2       Spider (0/4) Lair:3          Orc (0/2) D:9
  Sewer (visited)           IceCv (1/1) Zot: 4344
  Slime: Lair:4-5

Shops:
D:5 *

Annotations:
Lair:2 exclusion: 2 downstairs

###############
#.'.........'.#
#@#####'#####.###
##§#.#.#.#.#.#...##
######ߧ#'#'#.#'#'###.#⌠
#...§§§§#.........'.#.'[
#.#####§#.ß.ß.ß.ß.######
##.#=.$#§#..............#
#⌠.'.⌠?#.§..............'
##.#[.)#.#..............#
#.#####.#.ß.ß.ß.ß.######


There were no monsters in sight!


Message History

Roots grab the reaper.
The grasping roots constrict the reaper, but do no damage.
The reaper is engulfed in freezing vapours.
The reaper misses you.
The grasping roots constrict the reaper!
The reaper escapes!
The reaper attacks as it pursues you!
* * * LOW HITPOINT WARNING * * *
The reaper drags you backwards! The reaper freezes you.
* * * LOW HITPOINT WARNING * * *
Unknown command.
Blink to where?
Press: ? - help, Dir - move target, p - reaper
As you read the scroll of blinking, it crumbles to dust.
Unknown command.
Aiming: Fastroot
Press: ? - help, Shift-Dir - straight line
Okay, then.
Unknown command.
Casting: Freezing Cloud (dangerous; 28% risk of failure)
Confirm with . or Enter, or press ? or * to list all spells.
Aiming: Freezing Cloud (dangerous; 28% risk of failure)
Press: ? - help, Dir - move target, f - reaper
Aim: a reaper, wielding a -4 scythe of freezing (almost dead, fire blocked by a metal statue)
You are engulfed in freezing vapours.
* * * LOW HITPOINT WARNING * * *
The reaper is engulfed in freezing vapours.
You kill the reaper!
Unknown command.
You are engulfed in freezing vapours.
You die...

Skill      XL: |  1  2  3  4  5  6  7  8  9 10 11 12 |
---------------+-------------------------------------+-----
Conjurations   | 1 2 3 4 5 |  5.1
Alchemy        | 3 4 5 6 9 11 | 11.0
Spellcasting   | 2 3 4 6 8 9 |  9.0
Air Magic      | 1 2 4 |  4.4
Fire Magic     | 2 5 |  5.0
Stealth        | 2 5 |  5.0
Dodging        | 2 4 6 |  6.4
Fighting       | 1 4 6 |  6.1
Shields        | 1 4 5 |  5.0
Ice Magic      | 4 5 |  5.2

Action                     |  1- 3 |  4- 6 |  7- 9 | 10-12 || total
---------------------------+-------+-------+-------+-------++-------
  Melee: Dagger            |     5 |     9 |    31 |       ||    45
         Trident           |       |       |    28 |    69 ||    97
   Cast: Sting             |    82 |   139 |    39 |     1 ||   261
         Mercury Vapours   |     2 |    31 |     5 |     2 ||    40
         Mephitic Cloud    |       |     1 |     2 |     1 ||     4
         Olgreb's Toxic Ra |       |       |    80 |    86 ||   166
         Ignite Poison     |       |       |    21 |    38 ||    59
         Sticky Flame      |       |       |    14 |    66 ||    80
         Freezing Cloud    |       |       |       |     3 ||     3
  Evoke: Wand              |       |       |     1 |     2 ||     3
    Use: Scroll            |     4 |     3 |    14 |    12 ||    33
         Potion            |       |       |     4 |     6 ||    10
   Stab: Confused          |       |       |     1 |       ||     1
         Invisible         |       |       |       |     1 ||     1
 Armour: Robe              |     8 |    27 |    58 |     6 ||    99
         Acid dragon scale |       |       |       |    70 ||    70
  Dodge: Dodged            |    25 |    52 |    76 |   114 ||   267
  Block: Buckler           |       |       |    12 |    34 ||    46

Levels and vault maps discovered:
D:1:      minmay_arrival_plants_in_alcoves, layout_basic,
          shapermc_ecumenical_altar_gd
D:2:      layout_basic
D:3:      layout_basic, nicolae_overflow_hidden_temple, lemuel_round_altar,
          portal_sewer_entry_b, grunt_ministairs_12, st_stairs_5, dk_vineyard_3,
          uniq_natasha, uniq_terence
D:4:      layout_loops_cross
D:5:      layout_basic, evilmike_ruin_ashenzari, nicolae_shop_overcharged_wands
D:6:      layout_loops_ring, temple_green, uniq_prince_ribbit1
D:7:      layout_basic, ebering_ghost_gozag, uniq_jeremiah
D:8:      layout_rooms, grunt_lair_entry_orc_guard_hut, uniq_pikel
D:9:      layout_loops_ring, nicolae_qazlal_scattered_showers,
          mainiacjoe_overflow_large_starburst, david_orc_2, st_stairs_9,
          uniq_harold
D:10:     layout_rooms, chequers_big_river, grunt_decor_mini_mirrors,
          uniq_psyche
Lair:1:   layout_gridlike, minmay_stone_trees_small
Lair:2:   layout_misc_corridors, elwin_shoals_entry_rocks, minivault_27
Lair:3:   layout_misc_corridors, hellmonk_spider_entry_not_the_bees,
          nicolae_quartered_pool_impasse, uniq_kirke, uniq_amaemon
Lair:4:   layout_gridlike, serial_forest, infiniplex_forest_lined_room_2,
          infiniplex_forest_lined_room_2, infiniplex_forest_lined_3_way,
          infiniplex_forest_straight_4, infiniplex_forest_3_way,
          infiniplex_forest_zigzag_1, infiniplex_forest_end_1,
          portal_ice_cave_demonic_guard
IceCv:    ice_cave_tombish

Notes
Turn   | Place    | Note
-------+----------+-------------------------------------------
     0 | D:1      | Ruich the Demigod Alchemist began the quest for the Orb.
     0 | D:1      | Reached XP level 1. HP: 14/14 MP: 5/5
   128 | D:1      | Reached skill level 1 in Conjurations
   368 | D:1      | Reached skill level 3 in Alchemy
   368 | D:1      | Reached XP level 2. HP: 20/20 MP: 5/7
   371 | D:1      | Learned a level 2 spell: Mercury Vapours
   399 | D:1      | Reached skill level 2 in Spellcasting
  1213 | D:2      | Reached XP level 3. HP: 26/26 MP: 4/8
  1217 | D:2      | Learned a level 3 spell: Mephitic Cloud
  2143 | D:3      | Noticed Natasha
  2151 | D:3      | Killed Natasha
  2152 | D:3      | Reached XP level 4. HP: 30/33 MP: 2/10
  2181 | D:3      | Reached skill level 2 in Conjurations
  2181 | D:3      | Reached skill level 1 in Air Magic
  2402 | D:3      | Found a glowing drain.
  2412 | Sewer    | Entered a sewer
  2431 | Sewer    | Noticed a kobold brigand
  2454 | Sewer    | Killed a kobold brigand
  2455 | Sewer    | Reached skill level 4 in Alchemy
  2455 | Sewer    | Reached XP level 5. HP: 30/38 MP: 0/11
  3029 | Sewer    | Reached skill level 3 in Spellcasting
  3029 | Sewer    | Reached skill level 2 in Air Magic
  3029 | Sewer    | Reached XP level 6. HP: 35/45 MP: 4/13
  3847 | D:3      | Noticed Terence
  3866 | D:3      | Reached skill level 3 in Conjurations
  3900 | D:3      | Reached skill level 5 in Alchemy
  4056 | D:3      | Killed Terence
  4125 | D:3      | Learned a level 4 spell: Olgreb's Toxic Radiance
  4780 | D:3      | Noticed Natasha
  4791 | D:3      | Killed Natasha
  4797 | D:3      | Reached XP level 7. HP: 50/50 MP: 1/15
  6618 | D:4      | Identified a scroll of acquirement
  6618 | D:4      | Acquired a Trismegistus Codex
  6679 | D:5      | Entered Level 5 of the Dungeon
  6901 | D:5      | Reached skill level 4 in Spellcasting
  6901 | D:5      | Reached skill level 6 in Alchemy
  6907 | D:5      | Learned a level 4 spell: Sticky Flame
  7006 | D:5      | Identified a potion of resistance
  7135 | D:5      | Reached skill level 1 in Fire Magic
  7495 | D:5      | Reached skill level 2 in Fire Magic
  7531 | D:5      | Found Ytzepnur's Overcharged Wands.
  7618 | D:5      | Reached XP level 8. HP: 57/57 MP: 3/18
  7946 | D:6      | Reached skill level 5 in Spellcasting
  7946 | D:6      | Reached skill level 3 in Fire Magic
  8588 | D:6      | Learned a level 4 spell: Ignite Poison
  8637 | D:6      | Reached skill level 4 in Fire Magic
  8665 | D:6      | Noticed Prince Ribbit
  8671 | D:6      | Killed Prince Ribbit
  8672 | D:6      | Reached skill level 6 in Spellcasting
  8874 | D:6      | Found a staircase to the Ecumenical Temple.
  9296 | D:6      | Reached skill level 5 in Fire Magic
  9891 | D:7      | Found a runed translucent gate.
  9892 | D:7      | Found a runed translucent gate.
  9892 | D:7      | Found a runed translucent gate.
  9893 | D:7      | Noticed HilariousDeathArtist's ghost (novice DsAl)
  9893 | D:7      | Noticed a boulder beetle
 10002 | D:7      | Noticed Jeremiah
 10008 | D:7      | Killed Jeremiah
 10009 | D:7      | Reached XP level 9. HP: 62/62 MP: 10/23
 10184 | D:7      | Reached skill level 7 in Alchemy
 10408 | D:7      | Reached skill level 7 in Spellcasting
 11222 | D:7      | Killed a boulder beetle
 11223 | D:7      | Reached skill level 8 in Alchemy
 11424 | D:7      | Killed HilariousDeathArtist's ghost
 11782 | D:8      | Reached skill level 9 in Alchemy
 11785 | D:8      | Noticed a komodo dragon
 11790 | D:8      | Killed a komodo dragon
 11791 | D:8      | Reached skill level 8 in Spellcasting
 11791 | D:8      | Reached XP level 10. HP: 69/69 MP: 6/26
 12081 | D:8      | Found a staircase to the Lair.
 12165 | D:8      | Noticed Pikel
 12170 | D:8      | Killed Pikel
 12583 | D:9      | Reached skill level 10 in Alchemy
 12678 | D:9      | Noticed Harold
 12682 | D:9      | Killed Harold
 13269 | D:9      | Found a staircase to the Orcish Mines.
 13576 | D:9      | Identified the +4 spear "Qemabel" {venom, Int+4}
 13874 | D:10     | Entered Level 10 of the Dungeon
 13887 | D:10     | Noticed Psyche
 13892 | D:10     | Killed Psyche
 13893 | D:10     | Reached skill level 11 in Alchemy
 14251 | D:10     | Reached skill level 2 in Stealth
 14254 | D:10     | Reached skill level 2 in Dodging
 14509 | Lair:1   | Entered Level 1 of the Lair of Beasts
 14537 | Lair:1   | Reached skill level 1 in Fighting
 14537 | Lair:1   | Reached skill level 1 in Shields
 14701 | Lair:1   | Reached XP level 11. HP: 78/78 MP: 16/28
 14788 | Lair:1   | Reached skill level 2 in Fighting
 14788 | Lair:1   | Reached skill level 3 in Stealth
 14788 | Lair:1   | Reached skill level 2 in Shields
 14959 | Lair:1   | Reached skill level 3 in Dodging
 15579 | Lair:2   | Found a staircase to the Shoals.
 15669 | Lair:2   | Reached skill level 3 in Fighting
 15669 | Lair:2   | Reached skill level 4 in Stealth
 15669 | Lair:2   | Reached skill level 3 in Shields
 15860 | Lair:2   | Identified the +8 rapier of Zagyll {distort, MP+9 Int+4}
 15997 | Lair:2   | Learned a level 5 spell: Freezing Cloud
 15999 | Lair:3   | Noticed Kirke
 16000 | Lair:3   | Noticed Amaemon
 16003 | Lair:3   | Reached skill level 1 in Ice Magic
 16007 | Lair:2   | Reached skill level 4 in Dodging
 16124 | Lair:3   | Reached skill level 2 in Ice Magic
 16129 | Lair:2   | Killed Kirke
 16289 | Lair:3   | Killed Amaemon
 16384 | Lair:2   | Reached skill level 4 in Fighting
 16384 | Lair:2   | Reached skill level 3 in Ice Magic
 16441 | Lair:3   | Reached skill level 4 in Shields
 16532 | Lair:3   | Reached skill level 4 in Conjurations
 16600 | Lair:3   | Reached skill level 5 in Stealth
 16653 | Lair:3   | Reached skill level 4 in Ice Magic
 16653 | Lair:3   | Reached XP level 12. HP: 70/92 MP: 0/29
 16780 | Lair:3   | Reached skill level 5 in Dodging
 17188 | Lair:3   | Found a hole to the Spider Nest.
 17739 | Lair:4   | Reached skill level 5 in Ice Magic
 17750 | Lair:4   | Reached skill level 5 in Fighting
 17830 | Lair:4   | Reached skill level 5 in Shields
 17830 | Lair:4   | Reached skill level 3 in Air Magic
 17832 | Lair:4   | Reached skill level 5 in Conjurations
 17959 | Lair:4   | Found a frozen archway.
 18038 | IceCv    | Entered an ice cave
 18326 | IceCv    | Reached skill level 6 in Dodging
 18544 | IceCv    | Reached skill level 4 in Air Magic
 18982 | IceCv    | Reached skill level 6 in Fighting
 19479 | IceCv    | Reached skill level 9 in Spellcasting
 19648 | IceCv    | Noticed a reaper
 19704 | IceCv    | Killed a reaper
 19705 | IceCv    | Engulfed by a cloud of freezing vapour

Vanquished Creatures
  Kirke (Lair:2)
  A reaper (IceCv)
  Harold (D:9)
  A boulder beetle (D:7)
  The ghost of HilariousDeathArtist the Trooper, a novice DsAl of Yredelemnul (D:7)
  Amaemon (Lair:3)
  Pikel (D:8)
  A meliai (Lair:3)
  2 ice statues (IceCv)
  5 black mambas
  A torpor snail (Lair:3)
  7 cane toads
  An orange demon (Lair:3)
  10 komodo dragons
  Jeremiah (D:7)
  Psyche (D:10)
  4 anaconda simulacra (IceCv)
  8 ice devils
  Prince Ribbit (D:6)
  8 blink frogs
  2 dire elephant simulacra (IceCv)
  20 yaks
  5 hogs (Lair:3)
  A basilisk (Lair:3)
  A wyvern (D:9)
  A steam dragon (D:6)
  2 harpy simulacra (IceCv)
  2 acid dragons
  2 hydra simulacra (IceCv)
  8 water moccasins
  2 orc warriors (D:9)
  2 sky beasts
  4 black bears
  An ogre (D:5)
  6 wolves (Lair:3)
  A centaur (D:7)
  7 kobold brigands
  3 lemures (D:8)
  A phantom (D:5)
  16 bullfrogs
  A gnoll sergeant (D:9)
  4 scorpions
  A two-headed ogre simulacrum (IceCv)
  8 killer bees
  2 electric eels (D:10)
  3 howler monkeys (D:9)
  A jelly (D:6)
  3 hounds
  4 bombardier beetles
  2 orc priests
  2 gnoll boudas (D:6)
  A sleepcap (D:8)
  3 iguanas
  5 orc wizards
  Terence (D:3)
  Natasha (twice) (D:3)
  A troll simulacrum (IceCv)
  11 hell rats (Lair:4)
  A spriggan simulacrum (IceCv)
  A wolf simulacrum (IceCv)
  8 adders
  16 gnolls
  2 river rats
  2 white imps
  8 ufetubi
  3 ribbon worms
  5 dart slugs
  22 orcs
  13 endoplasms
  8 giant cockroaches
  13 goblins
  4 hobgoblins
  5 jackals (D:2)
  27 kobolds
  6 quokkas
  12 ball pythons
  3 bats
  6 frilled lizards
  12 rats
376 creatures vanquished.

Table legend: (Time is in decaauts)
 A = Elapsed time spent in this place.
 B = Non-inter-level travel time spent in this place.
 C = Inter-level travel time spent in this place.
 D = Time resting spent in this place.
 E = Time spent auto-exploring this place.
 F = Levels seen in this place.
 G = Mean time per level.
                   A        B        C        D        E       F      G
               +--------+--------+--------+--------+--------+-----+--------+
         Total |  19945 |  19332 |    613 |   7378 |   8888 |  16 | 1246.6 |
       Dungeon |  13099 |  12630 |    469 |   3773 |   7136 |  10 | 1309.9 |
          Lair |   3605 |   3462 |    143 |   1519 |   1397 |   4 |  901.2 |
         Sewer |   1584 |   1584 |      0 |    834 |    354 |   1 | 1584.0 |
      Ice Cave |   1655 |   1655 |      0 |   1252 |      0 |   1 | 1655.0 |
               +--------+--------+--------+--------+--------+-----+--------+

Top non-repeatable levels by time:
     D:3: 2223 daAuts
     D:7: 1900 daAuts
     D:6: 1721 daAuts
   IceCv: 1655 daAuts
   Sewer: 1584 daAuts
     D:5: 1373 daAuts
  Lair:3: 1354 daAuts
     D:9: 1312 daAuts
  Lair:2: 1059 daAuts
     D:2: 1049 daAuts
     D:1: 1032 daAuts
     D:4: 951 daAuts
     D:8: 943 daAuts
  Lair:1: 871 daAuts
    D:10: 592 daAuts

Table legend:
 A = Non-vault XP
 B = Vault XP
 C = Vault XP percentage of total XP
 D = Non-vault monster count
 E = Vault monster count
 F = Vault count percentage of total count
                 A         B        C        D         E       F
            +---------+---------+-------+---------+---------+-------
      Total |   22318 |   17979 |  44.6 |     265 |     108 |  29.0
            +---------+---------+-------+---------+---------+-------
        D:1 |      38 |       0 |   0.0 |      21 |       0 |   0.0
        D:2 |      54 |       0 |   0.0 |      24 |       0 |   0.0
        D:3 |     262 |     146 |  35.8 |      31 |      17 |  35.4
        D:4 |      53 |       0 |   0.0 |      10 |       0 |   0.0
        D:5 |     796 |       0 |   0.0 |      19 |       0 |   0.0
        D:6 |    1147 |     277 |  19.5 |      33 |       1 |   2.9
        D:7 |     701 |    2196 |  75.8 |      14 |       6 |  30.0
        D:8 |     416 |    1754 |  80.8 |       5 |       7 |  58.3
        D:9 |    1548 |    1186 |  43.4 |      24 |       9 |  27.3
       D:10 |     501 |     332 |  39.9 |       7 |       1 |  12.5
     Lair:1 |    3392 |       0 |   0.0 |      11 |       0 |   0.0
     Lair:2 |    3051 |    1427 |  31.9 |      13 |       1 |   7.1
     Lair:3 |    7333 |    2828 |  27.8 |      32 |      11 |  25.6
     Lair:4 |    3026 |     672 |  18.2 |      21 |       2 |   8.7
      Sewer |       0 |     483 | 100.0 |       0 |      28 | 100.0
      IceCv |       0 |    6678 | 100.0 |       0 |      25 | 100.0
            +---------+---------+-------+---------+---------+-------
